 Dungeon Crawl Stone Soup version 0.29.1-15-g9cfb28693d (webtiles) character file.

Game seed: 3604088586488134196

1792 Peloso the Carver (level 8, 0/71 HPs)
             Began as a Minotaur Fighter on Feb 25, 2023.
             Was a Follower of Okawaru.
             Killed by divine providence
             ... invoked by an orc priest
              (13 damage)
             ... on level 7 of the Dungeon.
             The game lasted 00:15:38 (7919 turns).

Peloso the Carver (Minotaur Fighter)                Turns: 7919, Time: 00:15:38

Health: 0/71       AC: 15    Str: 21    XL:     8   Next: 82%
Magic:  5/7        EV: 10    Int:  5    God:    Okawaru [*.....]
Gold:   456        SH:  6    Dex: 12    Spells: 7/7 levels left

rFire   . . .      SeeInvis .   a - +1 long sword (vorpal)
rCold   . . .      Faith    .   d - +0 buckler
rNeg    . . .      Spirit   .   c - +1 chain mail
rPois   .          Reflect  .   (helmet restricted)
rElec   .          Harm     .   (no cloak)
rCorr   .          Rampage  .   s - +0 pair of gloves
Will    .....                   (no boots)
Stlth   ..........              (no amulet)
HPRegen 0.21/turn               (no ring)
MPRegen 0.10/turn               (no ring)

@: heroic
A: horns 2, retaliatory headbutt
a: Renounce Religion, Heroism


You were on level 7 of the Dungeon.
You worshipped Okawaru.
Okawaru was aware of your devotion.
You visited 2 branches of the dungeon, and saw 8 of its levels.
You also visited: Sewer.

You collected 536 gold pieces.
You spent 80 gold pieces at shops.

Inventory:

Hand Weapons
 a - a +1 vorpal long sword (weapon)
Armour
 c - a +1 chain mail (worn)
 d - a +0 buckler (worn)
 s - a +0 pair of gloves (worn)
Magical Staves
 b - a staff of fire
Jewellery
 m - an amulet of the acrobat
 p - an amulet of guardian spirit
 q - an amulet of faith
 A - a ring of flight
 B - a ring of resist corrosion
 C - a +4 ring of evasion
Wands
 t - a wand of paralysis (8)
Scrolls
 h - 3 scrolls of noise
 i - 2 scrolls of immolation
 k - 3 scrolls of teleportation
 r - 2 scrolls of enchant armour
 u - 2 scrolls of amnesia
 y - a scroll of fear {unknown}
 z - 2 scrolls of fog
Potions
 e - a potion of heal wounds
 f - 2 potions of ambrosia
 g - 2 potions of might
 j - a potion of invisibility
 l - 3 potions of mutation
 n - 2 potions of magic
 o - a potion of flight
 v - a potion of haste
 w - 4 potions of curing
 x - 4 potions of brilliance {unknown}


   Skills:
 + Level 6.4(11.4) Fighting
 + Level 9.1(14.1) Long Blades
 + Level 8.1(13.1) Armour
 + Level 2.1(7.1) Dodging
 + Level 0.6(5.6) Stealth
 + Level 5.7(10.7) Shields


You had 7 spell levels left.
You didn't know any spells.
Your spell library contained the following spells:

 Spells                   Type           Power      Damage    Failure   Level
 Apportation              Tloc           0%         N/A       98%         1
 Necrotise                Necr           0%         1d4       98%         1
 Slow                     Hex            0%         N/A       98%         1
 Sublimation of Blood     Necr           0%         N/A       99%         2
 Confusing Touch          Hex            0%         N/A       100%        3
 Dazzling Flash           Conj/Hex       0%         N/A       100%        3
 Vampiric Draining        Necr           0%         2d6       100%        3
 Corpse Rot               Necr/Pois/Air  0%         N/A       100%        4
 Dispel Undead            Necr           0%         3d6       100%        4
 Petrify                  Tmut/Erth      0%         N/A       100%        4
 Agony                    Necr           0%         N/A       100%        5
 Irradiate                Conj/Tmut      0%         3d11      100%        5
 Silence                  Hex/Air        0%         N/A       100%        5
 Summon Small Mammal      Summ           Unusable   N/A       N/A         1
 Call Canine Familiar     Summ           Unusable   N/A       N/A         3
 Summon Guardian Golem    Hex/Summ       Unusable   N/A       N/A         3
 Death Channel            Necr           Unusable   N/A       N/A         6

Dungeon Overview and Level Annotations

Branches:
Dungeon (7/15)             Temple (1/1) D:5           Sewer (visited)

Altars:
Ashenzari
Cheibriados
Dithmenos
Elyvilon
Fedhas
Kikubaaqudgha
Makhleb
Nemelex Xobeh
Okawaru
Qazlal
Ru
Sif Muna
Trog
Uskayaw
Vehumet
Wu Jian
Xom
Yredelemnul
Zin
The Shining One

Shops:
D:6 !


Innate Abilities, Weirdness & Mutations

You have a pair of horns on your head.
You reflexively headbutt those who attack you in melee.


Message History

Unknown command.
You gain the combat prowess of a mighty hero.
You are engulfed in a cloud of scalding steam.
The orc warrior hits you from afar with a +0 glaive!
* * * LOW HITPOINT WARNING * * *
The steam dragon bites you but does no damage.
You block the steam dragon's attack.
You hit the steam dragon. Your headbutt misses the steam dragon.
The steam dragon is heavily wounded.
You are engulfed in a cloud of scalding steam.
You block the orc warrior's attack.
The orc wizard mumbles some strange words.
The orc wizard flickers and vanishes!
Deactivating autopickup; reactivate with Ctrl-A.
You block the steam dragon's attack. The steam dragon closely misses you.
You hit the steam dragon.
You headbutt the steam dragon, but do no damage.
The steam dragon is severely wounded.
Unknown command.
You hit the steam dragon.
The steam dragon is almost dead.
An orc comes into view. It is wielding a +0 hand axe.
The orc warrior closely misses you. The steam dragon barely misses you.
You furiously retaliate!
You headbutt the steam dragon, but do no damage.
You block the steam dragon's attack.
You barely miss the steam dragon. Your headbutt misses the steam dragon.
The steam dragon is almost dead.
The orc warrior misses you. You block the steam dragon's attack.
The steam dragon closely misses you.
Unknown command.
You hit the steam dragon.
You kill the steam dragon!
Okawaru accepts your kill.
Your base Long Blades skill increases to level 9!
Your base Armour skill increases to level 8!
Unknown command.
The orc priest invokes the aid of Beogh against you.
Beogh smites you!
You die...

#.#........#####.#
.....#####.# #.#
#.##.# #.# #.#
#.##.# #.# #.#
#.##.# #.# #.#
..##.#####.#####.##
..##..............#
..###......##..§.§#
....#......##$..@.#
#.#........#####$##
..###......# #.#
#.# #........


oo# ..# ######### ##{# ### #.# #o# #.# #)# You could see an orc warrior, an orc
priest and an orc.

Vanquished Creatures
  Grinder (D:3)
  A steam dragon (D:7)
  A water moccasin (D:6)
  An ice beast (D:6)
  An orc warrior (D:6)
  Pargi (Sewer)
  A black bear (D:6)
  A centaur (D:6)
  A kobold brigand (D:6)
  A necrophage (D:6)
  2 scorpions
  5 hounds
  A jelly (D:4)
  An orc priest (D:6)
  An iron imp (D:5)
  Terence (D:3)
  2 iguanas
  3 orc wizards
  9 adders
  A white imp (D:6)
  2 ufetubi
  4 worms
  3 dart slugs
  29 orcs
  5 ball pythons
  9 bats
  8 endoplasms
  5 giant cockroaches
  10 goblins
  10 hobgoblins
  4 jackals
  17 kobolds
  6 quokkas
  6 frilled lizards
  9 rats
163 creatures vanquished.

Vanquished Creatures (others)
  An orc (D:7)
1 creature vanquished.

Grand Total: 164 creatures vanquished

Notes
Turn   | Place    | Note
-------+----------+-------------------------------------------
     0 | D:1      | Peloso the Minotaur Fighter began the quest for the Orb.
     0 | D:1      | Reached XP level 1. HP: 19/19 MP: 0/0
   120 | D:1      | HP: 1/20 [jackal (1)]
   435 | D:1      | Found a faded altar of an unknown god.
   560 | D:1      | Reached XP level 2. HP: 27/27 MP: 1/1
   785 | D:1      | Found Kyus's Assorted Antiques.
   963 | D:1      | Reached XP level 3. HP: 33/33 MP: 2/2
  1122 | D:1      | Reached skill level 3 in Long Blades
  1350 | D:2      | Reached skill level 1 in Dodging
  1693 | D:2      | Reached XP level 4. HP: 41/41 MP: 3/3
  2051 | D:3      | Found a glowing drain.
  2084 | Sewer    | Entered a sewer
  2165 | Sewer    | Noticed Pargi
  2175 | Sewer    | Killed Pargi
  2176 | Sewer    | Reached skill level 5 in Fighting
  2176 | Sewer    | Reached skill level 4 in Long Blades
  2176 | Sewer    | Reached XP level 5. HP: 35/48 MP: 4/4
  3245 | D:3      | Noticed Grinder
  3258 | D:3      | Paralysed by Grinder for 5 turns
  3266 | D:3      | Killed Grinder
  3267 | D:3      | Reached skill level 5 in Long Blades
  3267 | D:3      | Reached skill level 5 in Armour
  3267 | D:3      | Reached XP level 6. HP: 24/56 MP: 5/5
  3843 | D:3      | Found a blossoming altar of Fedhas.
  3871 | D:3      | Noticed Terence
  3880 | D:3      | Killed Terence
  4614 | D:4      | Reached XP level 7. HP: 60/61 MP: 6/6
  4673 | D:4      | Reached skill level 6 in Long Blades
  5206 | D:4      | Found a white marble altar of Elyvilon.
  5206 | D:4      | Found a broken altar of Ashenzari.
  5311 | D:4      | You fall into a shaft and drop 2 floors!
  5446 | D:5      | Entered Level 5 of the Dungeon
  5715 | D:5      | Found a staircase to the Ecumenical Temple.
  5741 | Temple   | Entered the Ecumenical Temple
  5831 | Temple   | Became a worshipper of Warmaster Okawaru
  6073 | D:5      | Found a snail-covered altar of Cheibriados.
  6131 | D:5      | Reached skill level 7 in Long Blades
  6413 | D:6      | Reached skill level 5 in Shields
  6456 | D:6      | Found Giseh's Distillery.
  6503 | D:6      | Bought a potion of mutation for 80 gold pieces
  6719 | D:6      | Reached XP level 8. HP: 49/70 MP: 7/7
  6921 | D:6      | Identified the +9 war axe of the Enchanted Forest {freeze,
                  | Str+3 Int+2 Dex+4}
  6956 | D:6      | Reached * piety under Okawaru
  6957 | D:6      | Reached skill level 8 in Long Blades
  7224 | D:6      | Found a radiant altar of Vehumet.
  7224 | D:6      | Found a shadowy altar of Dithmenos.
  7919 | D:7      | Reached skill level 9 in Long Blades
  7919 | D:7      | Killed from afar by an orc priest

Illustrated notes

Levels and vault maps discovered:
D:1:      giann_forest_graveyard, layout_loops_ring,
          ebering_ecumenical_altar_rust, serial_shops, nicolae_shop_stone,
          grunt_decor_cap
D:2:      layout_loops_ring
D:3:      wad_river_or_something, layout_loops_ring,
          mainiacjoe_overflow_six_doors_small, gup_sewer_entry_glass,
          st_stairs_9, ebering_dispersal_statue_hall, minmay_box_of_dots,
          uniq_grinder, uniq_terence
D:4:      corexii_shack_village, layout_basic, nicolae_overflow_two_pavilions,
          mrwooster_statue_mirror, serial_park_tiny_2, minivault_24
D:5:      layout_basic, slow_altar_2, minmay_temple_entry_offerings,
          serial_bayou_pond_c, nicolae_figureground_pulse
D:6:      layout_cave_pools, jmf_multi_god_temple, serial_shops, shop_statue,
          serial_co_window_serial, co_window_of_opportunity_a,
          co_window_of_opportunity_a, co_window_paths_b, co_window_corner_a,
          co_window_paths_b, co_window_paths_a, co_window_corner_a,
          co_window_of_opportunity_c, co_window_of_opportunity_b,
          co_window_2corner, co_window_paths_e, co_window_sun
D:7:      layout_loops_cross, minmay_fountain_box
Temple:   jpeg_temple_clearing

Skill      XL: |  1  2  3  4  5  6  7  8 |
---------------+-------------------------+-----
Armour         | 4 5 6 8 |  8.1
Fighting       | 4 5 6 |  6.4
Long Blades    | 3 4 5 7 9 |  9.1
Dodging        | 1 2 |  2.1
Shields        | 4 5 |  5.7
Stealth        | |  0.6

Action                   |  1- 3 |  4- 6 |  7- 9 || total
-------------------------+-------+-------+-------++-------
Melee: Long sword        |    97 |   132 |   213 ||   442
       Headbutt          |     6 |    15 |    39 ||    60
Invok: Heroism           |       |       |     1 ||     1
  Use: Scroll            |     2 |    14 |     4 ||    20
       Potion            |     1 |       |     4 ||     5
Armor: Chain mail        |    62 |    81 |   142 ||   285
       Scale mail        |     1 |       |       ||     1
Dodge: Dodged            |    45 |    55 |    91 ||   191
Block: Buckler           |    24 |    37 |    63 ||   124
